Match 45895720
Unlisted

Match 45895720
End
Construct Barracks
Selects Airborne Battlegroup
Selects Heavy Machine Gun Paradrop
Heavy Machine Gun Paradrop
Riflemen Squad
Heavy Machine Gun Paradrop
Riflemen Squad
Grenade Package
Construct Medical Station
Selects Paratrooper Squad Paradrop
Paratrooper Squad Paradrop
Paratrooper Squad Paradrop
Mechanized Support Center
Paratrooper Squad Paradrop
Construct Weapon Support Center
Improved M9 Bazooka Rockets
Construct Tank Depot
Selects Recon Loiter
Selects Supply Drop
M4A1 Sherman Medium Tank
Selects Anti-tank Gun Team Paradrop
Paratrooper Squad Paradrop
M3 Armored Personnel Carrier
Designate Forward Repair Station
Paratrooper Squad Paradrop
Designate Forward Repair Station
Selects Carpet Bombing Run
Carpet Bombing Run
M4A1 Sherman Medium Tank
M4A1 76mm Conversion
Designate Forward Repair Station
Heavy Machine Gun Paradrop
M3 Armored Personnel Carrier
Anti-tank Gun Team Paradrop
Paratrooper Squad Paradrop
KirelCD
Kampfstärke
Wehearvoices
Воин вацапа
HeyGuys! I_Guess_That's_it
Sgt wiggumZ
0
0

Comments sign in to comment!

No comments posted yet!